| TOP OF THE 1ST |
|
Omaha Storm Chasers batting - Pitching for Fresno Grizzlies : RHP Andy Montelongo
|
|
Pitching: RHP Andy Montelongo
|
|
|
Batting: RHB Ken Postlethwaite
|
0-0: SINGLE (Groundball, 15S, EV 66.2 MPH) (infield hit)
|
|
Batting: SHB Ryoji Hiraoka
|
0-0: Called Strike 0-1: Ball 1-1: Foul Ball, location: 2F 1-2: Ball 2-2: Strikes out swinging
|
|
Batting: RHB Adam Martin
|
0-0: Called Strike 0-1: Ball 1-1: Ball Ken Postlethwaite steals 2nd, throwing error, E2 Ken Postlethwaite to third 2-1: SINGLE (Groundball, 6MD, EV 100.6 MPH) Ken Postlethwaite scores
|
|
Batting: RHB Kazuki Arai
|
0-0: Ball 1-0: Called Strike 1-1: Ball Wild Pitch! Adam Martin to second 2-1: Ball 3-1: Swinging Strike 3-2: Strikes out swinging
|
|
Batting: RHB Taisei Fujii
|
0-0: Ball 1-0: Foul Ball, location: 2F 1-1: Fly out, F8 (Flyball, 8LXD, EV 94.4 MPH)
|
| Top of the 1st over - 1 run, 2 hits, 1 error, 1 left on base; Omaha 1 - Fresno 0 |
| BOTTOM OF THE 1ST |
|
Fresno Grizzlies batting - Pitching for Omaha Storm Chasers : RHP Greg Sell
|
|
Pitching: RHP Greg Sell
|
|
|
Batting: RHB Jesse Scott
|
0-0: Foul Ball, location: 2F 0-1: Ball 1-1: Fly out, F7 (Flyball, 7LM, EV 90.6 MPH)
|
|
Batting: LHB Chris Cabrera
|
0-0: Called Strike 0-1: Ball 1-1: Called Strike 1-2: Fly out, F7 (Flyball, 7S, EV 91.9 MPH)
|
|
Batting: RHB Bruce Bermudez
|
0-0: Called Strike 0-1: Swinging Strike 0-2: Ball 1-2: Ball 2-2: Strikes out swinging
|
| Bottom of the 1st over - 0 runs, 0 hits, 0 errors, 0 left on base; Omaha 1 - Fresno 0 |
| TOP OF THE 2ND |
|
Omaha Storm Chasers batting - Pitching for Fresno Grizzlies : RHP Andy Montelongo
|
|
Batting: SHB Bill Ertl
|
0-0: Ball 1-0: Ball 2-0: DOUBLE (Line Drive, 9LS, EV 103.1 MPH)
|
|
Batting: SHB Mike Williams
|
0-0: Ball 1-0: SINGLE (Groundball, 25, EV 63.1 MPH) (infield hit) Bill Ertl to third
|
|
Batting: RHB Yuichi Takata
|
0-0: Ball Mike Williams is caught stealing 2nd base 2-4 1-0: Foul Ball, location: 2F 1-1: Fly out, F3 (Line Drive, 3L, EV 66.9 MPH)
|
|
Batting: RHB Justin Goff
|
0-0: Ball 1-0: Ball 2-0: Ground out 6-3 (Groundball, 6, EV 105.6 MPH)
|
| Top of the 2nd over - 0 runs, 2 hits, 0 errors, 1 left on base; Omaha 1 - Fresno 0 |
| BOTTOM OF THE 2ND |
|
Fresno Grizzlies batting - Pitching for Omaha Storm Chasers : RHP Greg Sell
|
|
Batting: RHB Ramon Castellon
|
0-0: Swinging Strike 0-1: Fly out, F8 (Flyball, 78M, EV 86.9 MPH)
|
|
Batting: LHB Bob Govella
|
0-0: Called Strike 0-1: Foul Ball, location: 2F 0-2: Strikes out swinging, 2-3 out at first.
|
|
Batting: LHB Mark Dearth
|
0-0: Ball 1-0: Foul Ball, location: 2F 1-1: Swinging Strike 1-2: Foul Ball, location: 2F 1-2: Strikes out swinging
|
| Bottom of the 2nd over - 0 runs, 0 hits, 0 errors, 0 left on base; Omaha 1 - Fresno 0 |
| TOP OF THE 3RD |
|
Omaha Storm Chasers batting - Pitching for Fresno Grizzlies : RHP Andy Montelongo
|
|
Batting: RHB Ken Postlethwaite
|
0-0: Called Strike 0-1: Ball 1-1: Ball 2-1: Swinging Strike 2-2: Strikes out swinging
|
|
Batting: SHB Ryoji Hiraoka
|
0-0: Ball 1-0: Called Strike 1-1: Ground out 6-3 (Groundball, 6M, EV 88.8 MPH)
|
|
Batting: RHB Adam Martin
|
0-0: Ball 1-0: Called Strike 1-1: Ball 2-1: Called Strike 2-2: Strikes out swinging
|
| Top of the 3rd over - 0 runs, 0 hits, 0 errors, 0 left on base; Omaha 1 - Fresno 0 |
| BOTTOM OF THE 3RD |
|
Fresno Grizzlies batting - Pitching for Omaha Storm Chasers : RHP Greg Sell
|
|
Batting: RHB Masaru Konno
|
0-0: Called Strike 0-1: Swinging Strike 0-2: Foul Ball, location: 2F 0-2: Ball 1-2: Ball 2-2: Ground out 5-3 (Groundball, 56S, EV 75.6 MPH)
|
|
Batting: RHB Cameron Rattenbury
|
0-0: Ball 1-0: Ball 2-0: Called Strike 2-1: Ball 3-1: Fly out, F7 (Flyball, 78M, EV 79.4 MPH)
|
|
Batting: RHB Josh Holloway
|
0-0: Ball 1-0: Foul Ball, location: 2F 1-1: SINGLE (Groundball, P, EV 90.0 MPH) (infield hit)
|
|
Batting: RHB Jesse Scott
|
0-0: Ball 1-0: Called Strike 1-1: Ball 2-1: Ball 3-1: Base on Balls Josh Holloway to second
|
|
Batting: LHB Chris Cabrera
|
0-0: Ball 1-0: Foul Ball, location: 2F 1-1: Ball 2-1: Ball 3-1: Base on Balls Josh Holloway to third Jesse Scott to second
|
|
Batting: RHB Bruce Bermudez
|
0-0: Hit by Pitch Josh Holloway scores Jesse Scott to third Chris Cabrera to second
|
|
Batting: RHB Ramon Castellon
|
0-0: Called Strike 0-1: Ball 1-1: Ball 2-1: Fly out, F7 (Flyball, 78M, EV 86.2 MPH)
|
| Bottom of the 3rd over - 1 run, 1 hit, 0 errors, 3 left on base; Omaha 1 - Fresno 1 |
| TOP OF THE 4TH |
|
Omaha Storm Chasers batting - Pitching for Fresno Grizzlies : RHP Andy Montelongo
|
|
Batting: RHB Kazuki Arai
|
0-0: SINGLE (Flyball, 6D, EV 92.5 MPH)
|
|
Batting: RHB Taisei Fujii
|
0-0: Ball Wild Pitch! Kazuki Arai to second 1-0: Called Strike 1-1: Foul Ball, location: 2F 1-2: SINGLE (Groundball, 4MD, EV 104.4 MPH) Kazuki Arai to third
|
|
Batting: SHB Bill Ertl
|
0-0: Swinging Strike 0-1: Ball 1-1: Swinging Strike 1-2: Strikes out looking
|
|
Batting: SHB Mike Williams
|
0-0: Ball 1-0: Swinging Strike 1-1: Swinging Strike 1-2: Fly out, F9 (Flyball, 9S, EV 90.0 MPH)
|
|
Batting: RHB Yuichi Takata
|
0-0: Fly out, F4 (Line Drive, 4M, EV 70.6 MPH)
|
| Top of the 4th over - 0 runs, 2 hits, 0 errors, 2 left on base; Omaha 1 - Fresno 1 |
| BOTTOM OF THE 4TH |
|
Fresno Grizzlies batting - Pitching for Omaha Storm Chasers : RHP Greg Sell
|
|
Batting: LHB Bob Govella
|
0-0: Ball 1-0: Ball 2-0: Foul Ball, location: 2F 2-1: Foul Ball, location: 2F 2-2: Strikes out swinging
|
|
Batting: LHB Mark Dearth
|
0-0: Ball 1-0: Ground out 3-1 (Groundball, 34S, EV 81.2 MPH)
|
|
Batting: RHB Masaru Konno
|
0-0: Ball 1-0: Ball 2-0: Foul Ball, location: 2F 2-1: Ball 3-1: Base on Balls
|
|
Batting: RHB Cameron Rattenbury
|
0-0: Ball 1-0: Ball 2-0: Ball 3-0: Ground out 6-3 (Groundball, 6S, EV 81.9 MPH)
|
| Bottom of the 4th over - 0 runs, 0 hits, 0 errors, 1 left on base; Omaha 1 - Fresno 1 |
| TOP OF THE 5TH |
|
Omaha Storm Chasers batting - Pitching for Fresno Grizzlies : RHP Andy Montelongo
|
|
Batting: RHB Justin Goff
|
0-0: Ball 1-0: Called Strike 1-1: Swinging Strike 1-2: Strikes out swinging
|
|
Batting: RHB Ken Postlethwaite
|
0-0: Ball 1-0: Foul Ball, location: 2F 1-1: SINGLE (Line Drive, 7S, EV 105.6 MPH)
|
|
Batting: SHB Ryoji Hiraoka
|
0-0: Called Strike 0-1: Foul Ball, location: 2F 0-2: Ball 1-2: Ball 2-2: Foul Ball, location: 2F 2-2: Ball 3-2: Foul Ball, location: 2F 3-2: Grounds into double play, 4-6-3 (Groundball, 4, EV 90.0 MPH)
|
| Top of the 5th over - 0 runs, 1 hit, 0 errors, 0 left on base; Omaha 1 - Fresno 1 |
| BOTTOM OF THE 5TH |
|
Fresno Grizzlies batting - Pitching for Omaha Storm Chasers : RHP Greg Sell
|
|
Batting: RHB Josh Holloway
|
0-0: Foul Ball, location: 2F 0-1: Ball 1-1: Fly out, F3 (Line Drive, 3L, EV 75.0 MPH)
|
|
Batting: RHB Jesse Scott
|
0-0: Ball 1-0: Swinging Strike 1-1: Foul Ball, location: 2F 1-2: Ground out 5-3 (Groundball, 56, EV 90.6 MPH)
|
|
Batting: LHB Chris Cabrera
|
0-0: Ball 1-0: Foul Ball, location: 2F 1-1: Ball 2-1: SINGLE (Groundball, 4MD, EV 104.4 MPH)
|
|
Batting: RHB Bruce Bermudez
|
0-0: Ball 1-0: Called Strike 1-1: Ball 2-1: Ball 3-1: Base on Balls Chris Cabrera to second
|
|
Batting: RHB Ramon Castellon
|
0-0: Fly out, F7 (Flyball, 78M, EV 89.4 MPH)
|
| Bottom of the 5th over - 0 runs, 1 hit, 0 errors, 2 left on base; Omaha 1 - Fresno 1 |
| TOP OF THE 6TH |
|
Omaha Storm Chasers batting - Pitching for Fresno Grizzlies : RHP Andy Montelongo
|
|
Batting: RHB Adam Martin
|
0-0: Called Strike 0-1: Fly out, F9 (Flyball, 89S, EV 82.5 MPH)
|
|
Batting: RHB Kazuki Arai
|
0-0: Foul Ball, location: 2F 0-1: Called Strike 0-2: Foul Ball, location: 2F 0-2: Ball 1-2: Ball 2-2: Ball 3-2: Base on Balls
|
|
Batting: RHB Taisei Fujii
|
0-0: Called Strike 0-1: Ball 1-1: Called Strike 1-2: Fielders Choice at 2nd, 6-4 (Groundball, 6, EV 79.4 MPH)
|
|
Pitching: RHP Alex Salinas
|
|
|
Batting: SHB Bill Ertl
|
0-0: Ball 1-0: Foul Ball, location: 2F 1-1: Ball 2-1: Swinging Strike 2-2: Ball 3-2: Foul Ball, location: 2F 3-2: Strikes out swinging
|
| Top of the 6th over - 0 runs, 0 hits, 0 errors, 1 left on base; Omaha 1 - Fresno 1 |
| BOTTOM OF THE 6TH |
|
Fresno Grizzlies batting - Pitching for Omaha Storm Chasers : RHP Greg Sell
|
|
Batting: LHB Bob Govella
|
0-0: Ball 1-0: Ball 2-0: Ball 3-0: Base on Balls
|
|
Batting: LHB Mark Dearth
|
0-0: Called Strike 0-1: Ball 1-1: Foul Ball, location: 2F 1-2: Foul Ball, location: 2F 1-2: Ball 2-2: Ball 3-2: Strikes out looking
|
|
Pitching: RHP Justin Nipper
|
|
|
Batting: RHB Masaru Konno
|
0-0: Called Strike 0-1: Ball Bob Govella is caught stealing 2nd base 2-4 1-1: Foul Ball, location: 2F 1-2: Ball 2-2: DOUBLE (Line Drive, 89M, EV 92.5 MPH)
|
|
Batting: RHB Cameron Rattenbury
|
0-0: Fly out, F3 (Popup, 34, EV 73.1 MPH)
|
| Bottom of the 6th over - 0 runs, 1 hit, 0 errors, 1 left on base; Omaha 1 - Fresno 1 |
| TOP OF THE 7TH |
|
Omaha Storm Chasers batting - Pitching for Fresno Grizzlies : RHP Alex Salinas
|
|
Batting: SHB Mike Williams
|
0-0: Ball 1-0: Swinging Strike 1-1: Called Strike 1-2: Strikes out swinging
|
|
Batting: RHB Yuichi Takata
|
0-0: Ball 1-0: Foul Ball, location: 2F 1-1: Ground out 6-3 (Groundball, 6, EV 85.0 MPH)
|
|
Batting: RHB Justin Goff
|
0-0: Ball 1-0: Ball 2-0: Called Strike 2-1: Ball 3-1: Foul Ball, location: 2F 3-2: Strikes out swinging
|
| Top of the 7th over - 0 runs, 0 hits, 0 errors, 0 left on base; Omaha 1 - Fresno 1 |
| BOTTOM OF THE 7TH |
|
Fresno Grizzlies batting - Pitching for Omaha Storm Chasers : RHP Justin Nipper
|
|
Batting: RHB Josh Holloway
|
0-0: Called Strike 0-1: Called Strike 0-2: Strikes out swinging
|
|
Batting: RHB Jesse Scott
|
0-0: Ball 1-0: Foul Ball, location: 2F 1-1: Foul Ball, location: 2F 1-2: Foul Ball, location: 2F 1-2: Fly out, F4 (Popup, 13, EV 81.9 MPH)
|
|
Batting: LHB Chris Cabrera
|
0-0: Ball 1-0: Foul Ball, location: 2F 1-1: Swinging Strike 1-2: Foul Ball, location: 2F 1-2: Foul Ball, location: 2F 1-2: Foul Ball, location: 2F 1-2: Ball 2-2: Foul Ball, location: 2F 2-2: Foul Ball, location: 2F 2-2: Ball 3-2: Foul Ball, location: 2F 3-2: SINGLE (Line Drive, 4D, EV 103.1 MPH)
|
|
Batting: RHB Bruce Bermudez
|
0-0: Called Strike 0-1: TRIPLE (Flyball, 89XD, EV 104.4 MPH) Chris Cabrera scores
|
|
Batting: RHB Ramon Castellon
|
0-0: Ball 1-0: Swinging Strike 1-1: Called Strike 1-2: Ball 2-2: Strikes out swinging
|
| Bottom of the 7th over - 1 run, 2 hits, 0 errors, 1 left on base; Omaha 1 - Fresno 2 |
| TOP OF THE 8TH |
|
Omaha Storm Chasers batting - Pitching for Fresno Grizzlies : RHP Alex Salinas
|
|
Pitching: RHP Juan Estrada
|
|
|
Pinch Hitting: LHB Robby Diaz
|
0-0: Ball 1-0: Ball 2-0: Foul Ball, location: 2F 2-1: Ball 3-1: Called Strike 3-2: Fly out, F8 (Flyball, 8RM, EV 98.8 MPH)
|
|
Batting: SHB Ryoji Hiraoka
|
0-0: Ball 1-0: Swinging Strike 1-1: Foul Ball, location: 2F 1-2: Ball 2-2: Strikes out looking
|
|
Batting: RHB Adam Martin
|
0-0: Called Strike 0-1: Foul Ball, location: 2F 0-2: Ball 1-2: Ball 2-2: DOUBLE (Flyball, 78XD, EV 97.5 MPH)
|
|
Batting: RHB Kazuki Arai
|
0-0: Foul Ball, location: 2F 0-1: Ball 1-1: Swinging Strike 1-2: Foul Ball, location: 2F 1-2: Ground out 6-3 (Groundball, 6, EV 86.9 MPH)
|
| Top of the 8th over - 0 runs, 1 hit, 0 errors, 1 left on base; Omaha 1 - Fresno 2 |
| BOTTOM OF THE 8TH |
|
Fresno Grizzlies batting - Pitching for Omaha Storm Chasers : RHP Justin Nipper
|
|
Pitching: RHP Mike Tuck
|
|
|
Now at 3B: Yuichi Takata
|
|
|
Now at SS: Ryoji Hiraoka
|
|
|
Now in RF: Robby Diaz
|
|
|
Batting: LHB Bob Govella
|
0-0: Ball 1-0: Called Strike 1-1: Called Strike 1-2: Strikes out swinging
|
|
Batting: LHB Mark Dearth
|
0-0: Ball 1-0: Called Strike 1-1: Foul Ball, location: 2F 1-2: Foul Ball, location: 2F 1-2: Ground out 4-3 (Groundball, 4MD, EV 86.2 MPH)
|
|
Batting: RHB Masaru Konno
|
0-0: Called Strike 0-1: Ball 1-1: Foul Ball, location: 2F 1-2: Ball 2-2: Foul Ball, location: 2F 2-2: Ground out 4-3 (Groundball, 34, EV 104.4 MPH)
|
| Bottom of the 8th over - 0 runs, 0 hits, 0 errors, 0 left on base; Omaha 1 - Fresno 2 |
| TOP OF THE 9TH |
|
Omaha Storm Chasers batting - Pitching for Fresno Grizzlies : RHP Juan Estrada
|
|
Pitching: RHP Bobby Leija
|
|
|
Batting: RHB Taisei Fujii
|
0-0: Ball 1-0: Ball 2-0: Foul Ball, location: 2F 2-1: Called Strike 2-2: Fly out, F4 (Line Drive, 6M, EV 71.2 MPH)
|
|
Batting: SHB Bill Ertl
|
0-0: Ball 1-0: SINGLE (Line Drive, 9S, EV 95.6 MPH)
|
|
Batting: SHB Mike Williams
|
0-0: Called Strike 0-1: Ball Passed Ball! Bill Ertl to second 1-1: Fly out, F8 (Line Drive, 8RD, EV 93.1 MPH)
|
|
Batting: RHB Yuichi Takata
|
0-0: Ball 1-0: Ball 2-0: Called Strike 2-1: Ball 3-1: Base on Balls
|
|
Pinch Runner at 2nd Chad Sullivan:
|
|
|
Pinch Hitting: SHB Arturo Baez
|
0-0: Ball 1-0: SINGLE (Groundball, P, EV 85.0 MPH) (infield hit) Chad Sullivan to third Yuichi Takata to second
|
|
Batting: LHB Robby Diaz
|
0-0: Ball 1-0: Ball 2-0: Foul Ball, location: 2F 2-1: Foul Ball, location: 2F 2-2: Foul Ball, location: 2F 2-2: GRAND SLAM HOME RUN (Flyball, 8LXD, EV 104.4 MPH), Distance : 418 ft
|
|
Pitching: RHP Tommy Cunningham
|
|
|
Batting: SHB Ryoji Hiraoka
|
0-0: Ball 1-0: Swinging Strike 1-1: Hit by Pitch
|
|
Batting: RHB Adam Martin
|
0-0: Ball 1-0: Fly out, F8 (Flyball, 78M, EV 81.9 MPH)
|
| Top of the 9th over - 4 runs, 3 hits, 0 errors, 1 left on base; Omaha 5 - Fresno 2 |
| BOTTOM OF THE 9TH |
|
Fresno Grizzlies batting - Pitching for Omaha Storm Chasers : RHP Mike Tuck
|
|
Pitching: RHP Gan Ts'ong
|
|
|
Now at C: Jason Birge
|
|
|
Now at 2B: Yuichi Takata
|
|
|
Now at 3B: Arturo Baez
|
|
|
Batting: RHB Cameron Rattenbury
|
0-0: Swinging Strike 0-1: Bunt for hit to 15 - play at first, batter OUT! 1-3
|
|
Batting: RHB Josh Holloway
|
0-0: Called Strike 0-1: Ground out 6-3 (Groundball, 6, EV 85.0 MPH)
|
|
Batting: RHB Jesse Scott
|
0-0: Called Strike 0-1: Ball 1-1: Foul Ball, location: 2F 1-2: Ball 2-2: Strikes out swinging, 2-3 out at first.
|
| Bottom of the 9th over - 0 runs, 0 hits, 0 errors, 0 left on base; Omaha 5 - Fresno 2 |
|